 Dungeon Crawl Stone Soup version 0.24-a0-125-gdf024910ca (webtiles) character file.

Game seed: 7219614672881907413

4477 spaghetto the Nimble (level 10, -4/72 HPs)
             Began as an Octopode Chaos Knight on Feb 23, 2019.
             Was a Believer of Nemelex Xobeh.
             Slain by a hell hog (12 damage)
             ... on level 2 of the Abyss.
             The game lasted 00:21:19 (8684 turns).

spaghetto the Nimble (Octopode Chaos Knight)        Turns: 8684, Time: 00:21:20

Health: -4/72      AC:  7    Str: 11      XL:     10   Next: 38%
Magic:  13/13      EV: 19    Int: 10 (12) God:    Nemelex Xobeh [**....]
Gold:   417        SH:  0    Dex: 14      Spells: 9/9 levels left

rFire    . . .     SeeInvis .   u - +5 scimitar
rCold    . . .     Gourm    .   (no shield)
rNeg     . . .     Faith    .   (helmet restricted)
rPois    .         Spirit   .   p - amulet of regeneration
rElec    .         Reflect  .   l - +6 ring of protection
rCorr    .         Harm     .   o - ring of flight
MR       .....     Rnd*Tele +   (no ring)
Stlth    ++++......             (no ring)
HPRegen  0.00/turn              (no ring)
MPRegen  0.13/turn              (no ring)
                                (no ring)
                                (no ring)

@: non-regenerating, diseased, studying Staves
A: almost no armour, stealthy swim, amphibious, 8 rings, constrict 8, camouflage
1, blurry vision 1, [dopey 2], teleportitis 1, gelatinous body 1, subdued magic
1
a: Draw Escape, Draw Destruction, Draw Summoning, Renounce Religion, Evoke
Flight


You were on level 2 of the Abyss.
You worshipped Nemelex Xobeh.
Nemelex Xobeh was pleased with you.
You were not hungry.

You visited 1 branch of the dungeon, and saw 8 of its levels.
You visited the Abyss 1 time.

You collected 417 gold pieces.

Inventory:

Hand Weapons
 a - a +0 falchion of chaos
 t - a +5 dagger
 u - a +5 scimitar (weapon)
 B - a +1 short sword of freezing
Missiles
 A - 8 tomahawks (quivered)
Jewellery
 c - an uncursed ring of fire
 l - a +6 ring of protection (left tentacle)
 o - a ring of flight (right tentacle)
 p - an amulet of regeneration (around mantle)
Wands
 m - a wand of clouds (3)
 q - a wand of digging (7)
 w - a wand of enslavement (7)
 E - a wand of random effects (8)
Scrolls
 e - 4 scrolls of enchant armour
 f - 2 scrolls of remove curse {@r2}
 h - a scroll of amnesia {unknown}
 i - a scroll of noise {unknown}
 j - a scroll of torment {unknown}
 k - a scroll of random uselessness {unknown}
 n - a scroll of magic mapping {unknown}
 v - 2 scrolls of fog {unknown}
 y - a scroll of immolation {unknown}
Potions
 g - a potion of curing {unknown}
 r - 2 potions of mutation
 z - a potion of flight
Books
 d - a manual of Staves
Comestibles
 b - 12 rations


   Skills:
 + Level 7.7 Fighting
 * Level 8.4 Long Blades
 + Level 9.1 Dodging
 - Level 4.0 Stealth
 + Level 5.3 Invocations


You had 9 spell levels left.
You didn't know any spells.
Your spell library contained the following spells:

 Spells                   Type           Power        Failure   Level  Hunger
 Corona                   Hex            #......      32%         1    ##.....
 Ensorcelled Hibernation  Hex/Ice        #.....       45%         2    ###....
 Confuse                  Hex            #.......     71%         3    ####...
 Dazzling Spray           Conj/Hex       #.....       71%         3    ####...
 Tukima's Dance           Hex            #.......     71%         3    ####...


Dungeon Overview and Level Annotations

Branches:
Dungeon (8/15)             Temple (0/1) D:6
   Lair: D:8-11

Altars:
Ashenzari
Dithmenos
Fedhas
Gozag
Hepliaklqana
Kikubaaqudgha
Makhleb
Nemelex Xobeh
Okawaru
Qazlal
Vehumet
Wu Jian
Xom
The Shining One

Shops:
D:8 =

Annotations:
D:3 exclusions: oklob plant and 1 more exclusion


Innate Abilities, Weirdness & Mutations

You cannot wear most types of armour.
You are very stealthy in the water. (Stealth+)
You are amphibious.
You can wear up to eight rings at the same time.
You can use your tentacles to constrict eight enemies at once.
Your skin changes colour to match your surroundings (Stealth+).
Your rubbery body absorbs attacks. (AC +1, EV +1)
Scrolls take you a little longer to read.
You are occasionally teleported next to monsters.
Your spells are a little easier to cast, but a little less powerful.
[You are very dopey. (Int -4)]


Message History

A wretched star comes into view.
You feel ill.
You feel ill.
A ynoxinul comes into view.
The ynoxinul bellows!
The ynoxinul gestures at you. The iron shot misses you.
Found 59 gold pieces.
A hell hog comes into view.
The hell hog squeals angrily.
Found a gateway leading deeper into the Abyss.
You slash the hell hog! You grab the hell hog. You squeeze the hell hog!
You constrict the hell hog. The hell hog bites you!
* * * LOW HITPOINT WARNING * * *
The wretched star pulses with an eldritch light!
You feel stupid. x2
A lurking horror comes into view.
You release your grip on the hell hog.
The hell hog bites you!
You die...
Your body glows slightly and disappears.

### .. ... .
.#####.# # .##. # #
#. #######.#.#####
### ..
....#.##...#.##..##
#
#...*#x#..#..#.#.##
.
##..#D#..#.#.#...x..
#..@#..##...##...#..
#.#.#h3...##.
..#.#..
##..##..ยง..#. .. ..
.....#..##.###. #.
##..#...## .. #. ..
... .#.$ . ..* ....
.....###* #### #..#
...## .# >##. #


You could see a wretched star, a hell hog, a ynoxinul and a lurking horror.

Vanquished Creatures
  A human (D:4)
  2 fire bats (Abyss:2)
  A hungry ghost (D:8)
  A warg (D:3)
  4 orc warriors
  A sky beast (D:6)
  4 ice beasts
  A black bear (D:8)
  A phantom (D:5)
  6 ogres
  A centaur (D:7)
  A small abomination (Abyss:2)
  A bullfrog (D:7)
  3 scorpions
  An electric eel (D:8)
  8 wights (D:6)
  A crimson imp (D:7)
  2 hounds (D:4)
  A quasit (Abyss:2)
  3 jellies
  10 orc wizards
  9 orc priests
  An iguana (D:7)
  Ijyb (D:4)
  Natasha (twice) (D:2)
  8 worker ants
  A hound zombie (D:8)
  A hound skeleton (D:4)
  4 gnolls
  A howler monkey skeleton (D:2)
  5 adders
  An ooze (D:2)
  An adder skeleton (D:5)
  3 worms
  A dart slug (D:1)
  3 leopard geckos
  25 orcs
  A ball python (D:5)
  7 bats
  4 giant cockroaches
  5 goblins (D:1)
  6 hobgoblins
  14 jackals
  2 quokkas
  2 frilled lizards
  A giant cockroach zombie (D:5)
  2 jackal skeletons
  3 kobolds
  A leopard gecko skeleton (D:5)
  2 quokka skeletons
  10 rats
  A butterfly (D:3)
182 creatures vanquished.

Vanquished Creatures (collateral kills)
  A hog (shapeshifter) (D:3)
  A large abomination (Abyss:2)
  An ogre (D:4)
  Jessica (D:2)
  Natasha (D:2)
  An adder (D:2)
6 creatures vanquished.

Grand Total: 188 creatures vanquished

Notes
Turn   | Place    | Note
-------+----------+-------------------------------------------
     0 | D:1      | spaghetto the Octopode Chaos Knight began the quest for the
                  | Orb.
     0 | D:1      | Reached XP level 1. HP: 16/16 MP: 1/1
    36 | D:1      | XOM: silly message
    37 | D:1      | Reached skill level 1 in Stealth
    41 | D:1      | Reached XP level 2. HP: 21/21 MP: 2/2
   624 | D:1      | XOM: noise
   929 | D:2      | Noticed Jessica
   933 | D:1      | Reached skill level 3 in Dodging
   933 | D:1      | Reached XP level 3. HP: 9/26 MP: 3/3
  1166 | D:1      | XOM: scenery: 2 doors close
  1192 | D:2      | XOM: divination: detect creatures
  1420 | D:1      | XOM: divination: detect creatures
  1474 | D:2      | XOM: cast spell 'Summon Ice Beast'
  1479 | D:2      | Killed Jessica
  1479 | D:2      | Reached XP level 4. HP: 31/31 MP: 4/4
  1855 | D:2      | XOM: harmless Necr miscast
  1994 | D:2      | Reached XP level 5. HP: 36/36 MP: 5/5
  2061 | D:2      | XOM is BORED!
  2061 | D:2      | XOM: mild Tmut miscast
  2129 | D:2      | Noticed Natasha
  2137 | D:2      | Killed Natasha
  2191 | D:2      | XOM: noise
  2291 | D:2      | XOM: god gift: 34 gold pieces
  2353 | D:2      | Noticed Natasha
  2362 | D:2      | XOM: summons friendly white imp
  2363 | D:2      | Killed Natasha
  2509 | D:2      | Found an iron altar of Okawaru.
  2516 | D:2      | Found an opulent altar of Gozag.
  2518 | D:2      | Found an ancient bone altar of Kikubaaqudgha.
  2639 | D:2      | Noticed Natasha
  2645 | D:2      | Killed Natasha
  2645 | D:2      | Reached skill level 4 in Dodging
  2700 | D:2      | XOM: harmless Tmut miscast
  2895 | D:3      | Noticed a glowing shapeshifter
  2895 | D:3      | an orc changed into a glowing shapeshifter
  2895 | D:3      | Noticed a merfolk
  2895 | D:3      | a glowing shapeshifter changed into a merfolk
  2898 | D:3      | Noticed a slime creature
  2898 | D:3      | a merfolk changed into a slime creature
  2902 | D:3      | Noticed an alligator
  2902 | D:3      | a slime creature changed into an alligator
  2912 | D:3      | Noticed a slime creature
  2912 | D:3      | an alligator changed into a slime creature
  2915 | D:3      | Noticed a shock serpent
  2915 | D:3      | a slime creature changed into a shock serpent
  2982 | D:3      | Noticed a warg
  2982 | D:3      | a worm changed into a warg
  2984 | D:3      | Killed a warg
  2984 | D:3      | Reached XP level 6. HP: 30/43 MP: 6/6
  3160 | D:3      | Found a faded altar of an unknown god.
  3347 | D:4      | XOM: noise
  3369 | D:4      | XOM: summons 2 friendly demons
  3372 | D:4      | Reached skill level 5 in Dodging
  3585 | D:4      | Reached XP level 7. HP: 49/49 MP: 7/7
  3694 | D:4      | Found a glowing golden altar of the Shining One.
  3764 | D:4      | Found a shattered altar of Ashenzari.
  3939 | D:4      | Noticed Ijyb
  3946 | D:4      | Killed Ijyb
  4034 | D:4      | Noticed a human
  4034 | D:4      | a sky beast changed into a human
  4034 | D:4      | XOM: polymorph sky beast -> human
  4039 | D:4      | Killed a human
  4039 | D:4      | Reached skill level 5 in Fighting
  4039 | D:4      | Reached skill level 6 in Dodging
  4082 | D:4      | XOM: silly message
  4230 | D:4      | XOM: harmless Erth miscast
  4256 | D:4      | XOM: mild Ice miscast
  4295 | D:4      | XOM: summons 2 hostile demons
  4314 | D:5      | Entered Level 5 of the Dungeon
  4369 | D:5      | Found a radiant altar of Vehumet.
  4371 | D:5      | XOM: stat loss: -1 Dex (12/13)
  4374 | D:5      | XOM: cast spell 'Leda's Liquefaction'
  4376 | D:5      | XOM: potion effect (invisibility)
  4379 | D:5      | Reached XP level 8. HP: 36/55 MP: 8/8
  4486 | D:5      | Found a hazy altar of Hepliaklqana.
  4534 | D:5      | Reached skill level 7 in Dodging
  4605 | D:5      | XOM: mild Chrm miscast
  4608 | D:5      | XOM: harmless Fire miscast
  4620 | D:5      | XOM: cleaving
  4673 | D:6      | Found a sparkling altar of Nemelex Xobeh.
  4681 | D:6      | Fell from the grace of Xom
  4681 | D:6      | Became a worshipper of Nemelex Xobeh the Trickster
  4814 | D:7      | XOM: medium Fire miscast
  5020 | D:7      | Reached skill level 1 in Invocations
  5032 | D:7      | XOM: cloud trail
  5053 | D:7      | Received a gift from Nemelex Xobeh
  5163 | D:7      | Found a stormy altar of Qazlal.
  5194 | D:7      | Reached skill level 5 in Long Blades
  5276 | D:7      | Reached XP level 9. HP: 59/63 MP: 10/10
  5317 | D:7      | XOM: severe Hex miscast
  5334 | D:7      | XOM: scenery: create altars
  5345 | D:7      | Gained mutation: You are occasionally teleported next to
                  | monsters. [mutagenic glow]
  5397 | D:7      | Gained mutation: Scrolls take you a little longer to read.
                  | [mutagenic glow]
  5411 | D:7      | XOM: medium Summ miscast
  5430 | D:7      | Gained mutation: Your spells are a little easier to cast,
                  | but a little less powerful. [mutagenic glow]
  5692 | D:6      | Reached skill level 8 in Dodging
  5896 | D:6      | Reached * piety under Nemelex Xobeh
  5902 | D:6      | XOM: stat loss: -3 Dex (11/14)
  6123 | D:6      | Found a staircase to the Ecumenical Temple.
  6574 | D:5      | XOM: mild Air miscast
  6579 | D:5      | Found a burning altar of Makhleb.
  6579 | D:5      | Noticed an Executioner
  6764 | D:4      | XOM: medium Summ miscast
  6798 | D:3      | Noticed a troll
  6798 | D:3      | a yak changed into a troll
  6801 | D:3      | a troll changed into a hog
  6802 | D:3      | Reached XP level 10. HP: 71/71 MP: 13/13
  6845 | D:3      | XOM: polymorph centaur -> worker ant
  6891 | D:3      | Found a shimmering altar of Xom.
  6909 | D:3      | Found a blossoming altar of Fedhas.
  6978 | D:3      | Found a sparkling altar of Nemelex Xobeh.
  7371 | D:3      | Noticed an oklob plant
  7601 | D:7      | XOM: medium Fire miscast
  7842 | D:8      | Found a shadowy altar of Dithmenos.
  8034 | D:8      | Reached skill level 5 in Invocations
  8077 | D:8      | Found Feats's Jewellery Emporium.
  8087 | D:8      | Reached skill level 9 in Dodging
  8107 | D:8      | Found an ornate altar of the Wu Jian Council.
  8110 | D:8      | XOM: stat loss: -3 Int (13/16)
  8239 | D:8      | Cast into level 2 of the Abyss (Xom)
  8306 | Abyss:2  | Noticed a worldbinder
  8325 | Abyss:2  | Noticed a spiny frog
  8335 | Abyss:2  | Received a gift from Nemelex Xobeh
  8374 | Abyss:2  | Reached ** piety under Nemelex Xobeh
  8439 | Abyss:2  | Noticed a wretched star
  8441 | Abyss:2  | Noticed a thrashing horror
  8456 | Abyss:2  | Found a corrupted altar of Lugonu.
  8501 | Abyss:2  | Noticed a tentacled starspawn
  8563 | Abyss:2  | Noticed a wretched star
  8563 | Abyss:2  | Noticed a starcursed mass
  8573 | Abyss:2  | Noticed a smoke demon
  8612 | Abyss:2  | Noticed a bone dragon
  8615 | Abyss:2  | Noticed a balrug
  8640 | Abyss:2  | Noticed a starcursed mass
  8641 | Abyss:2  | Noticed a tentacled starspawn
  8649 | Abyss:2  | Noticed a glowing orange brain
  8667 | Abyss:2  | Noticed a wretched star
  8682 | Abyss:2  | Noticed a hell hog
  8684 | Abyss:2  | Slain by a hell hog

Levels and vault maps discovered:
D:1:      minmay_arrival_semitransparent, layout_basic
D:2:      layout_loops_cross, gammafunk_temple_overflow_forgotten, uniq_natasha,
          uniq_jessica
D:3:      layout_loops_ring, tgw_fedhas, xom_butterflies, portal_sewer_entry_d,
          chequers_ecumenical_altar_lobes, nemelex_spade_bored_becter
D:4:      layout_gridville, tso_metal_star, supply_closet_lemuel,
          evilmike_ruin_ashenzari, uniq_ijyb
D:5:      layout_loops_ring, nicolae_overflow_crystal_walls, kennysheep_mini,
          first_ration, makhleb_altar_promises_db
D:6:      layout_rooms, minmay_temple_entry_fiery, nemelex_altar_shiori
D:7:      layout_basic, nicolae_qazlal_general_emergency
D:8:      layout_loops_ring, lemuel_round_altar, basic_altar, serial_shops,
          kennysheep_little_box, grunt_ministairs_9, hangedman_ranch
          [blue_anna_fruit_fields], corexii_checkpoint_a,
          kennysheep_small_spiral, water_boxes_lemuel, uniq_psyche
Abyss:2

Skill      XL: |  1  2  3  4  5  6  7  8  9 10 |
---------------+-------------------------------+-----
Stealth        | 1 2 3 4 |  4.0
Dodging        | 3 4 5 6 7 8 9 |  9.1
Fighting       | 4 5 6 7 |  7.7
Long Blades    | 4 5 7 8 |  8.4
Invocations    | 2 4 5 |  5.3

Action                   |  1- 3 |  4- 6 |  7- 9 | 10-12 || total
-------------------------+-------+-------+-------+-------++-------
Melee: Falchion          |    45 |    96 |    98 |       ||   239
       Constrict         |    15 |    30 |    52 |    14 ||   111
       Tentacles         |     5 |    22 |    58 |    26 ||   111
       Scimitar          |       |       |   153 |    74 ||   227
 Abil: Draw Destruction  |       |       |     4 |       ||     4
       Draw Summoning    |       |       |     1 |     1 ||     2
       Draw Escape       |       |       |       |     2 ||     2
Evoke: Wand              |       |       |     1 |     3 ||     4
  Use: Scroll            |       |       |    10 |     5 ||    15
       Potion            |       |       |     1 |     1 ||     2
 Stab: Sleeping          |     4 |    11 |    23 |     5 ||    43
       Distracted        |       |     2 |     1 |     1 ||     4
       Confused          |       |       |     6 |       ||     6
       Paralysed         |       |       |     2 |       ||     2
       Invisible         |       |       |     1 |       ||     1
  Eat: Chunk             |     2 |     6 |    11 |     6 ||    25
       Ration            |       |       |       |     1 ||     1
Armor: Skin              |     3 |    12 |    39 |    19 ||    73
Dodge: Dodged            |    20 |    57 |   148 |    84 ||   309
       Rpst.: Falchion   |     5 |    19 |    19 |       ||    43
       Scimitar          |       |       |    24 |    17 ||    41

Table legend:
 A = Non-vault XP
 B = Vault XP
 C = Vault XP percentage of total XP
 D = Non-vault monster count
 E = Vault monster count
 F = Vault count percentage of total count
                 A         B        C        D         E       F
            +---------+---------+-------+---------+---------+-------
      Total |    6294 |     103 |   1.6 |     183 |       4 |   2.1
            +---------+---------+-------+---------+---------+-------
        D:1 |      62 |       0 |   0.0 |      20 |       0 |   0.0
        D:2 |     190 |      54 |  22.1 |      30 |       2 |   6.2
        D:3 |     441 |      13 |   2.9 |      20 |       1 |   4.8
        D:4 |     537 |      36 |   6.3 |      13 |       1 |   7.1
        D:5 |    1148 |       0 |   0.0 |      24 |       0 |   0.0
        D:6 |    1407 |       0 |   0.0 |      28 |       0 |   0.0
        D:7 |     957 |       0 |   0.0 |      27 |       0 |   0.0
        D:8 |     942 |       0 |   0.0 |      16 |       0 |   0.0
    Abyss:2 |     610 |       0 |   0.0 |       5 |       0 |   0.0
            +---------+---------+-------+---------+---------+-------
